 Dungeon Crawl Stone Soup version 0.22-a0-824-g1ca9aab89c (console) character file.

2126 Lexodia the Grappler (level 9, -1/80 HPs)
             Began as a Troll Fighter on July 24, 2018.
             Was a Follower of Uskayaw.
             Slain by a basilisk (3 damage)
             ... on level 8 of the Dungeon.
             The game lasted 00:10:22 (5722 turns).

Lexodia the Grappler (Troll Fighter)                Turns: 5722, Time: 00:10:23

Health: -1/80      AC:  8    Str: 29    XL:     9   Next: 8%
Magic:  10/10      EV:  1    Int:  6    God:    Uskayaw [*.....]
Gold:   0          SH:  0    Dex:  9    Spells: 8/8 levels left

rFire    + + .     SeeInvis .     - Unarmed
rCold    . . .     Gourm    +   k - +0 large shield
rNeg     + + +     Faith    .   a - +0 robe
rPois    ∞         Spirit   .   l - +1 hat
rElec    .         Reflect  .   C - +0 cloak
rCorr    .         Harm     .   (gloves unavailable)
MR       .....                  (boots unavailable)
Stlth    +.........             (no amulet)
HPRegen  0.63/turn              f - ring of protection from fire
MPRegen  0.12/turn              x - +1 ring of protection

@: petrified
A: large, unfitting armour, claws 3, clever 1, fire resistance 1, fast
metabolism 3, gourmand, regeneration 1, shaggy fur 1, tough skin 2
a: Stomp, Renounce Religion


You were on level 8 of the Dungeon.
You worshipped Uskayaw.
Uskayaw was noncommittal.
You were very full.

You visited 2 branches of the dungeon, and saw 9 of its levels.
You also visited: Sewer.

Inventory:

Armour
 a - a +0 robe (worn)
 j - a +0 cloak
 k - a +0 large shield (worn)
 l - a +1 hat (worn)
 C - a +0 cloak (worn)
Jewellery
 f - a ring of protection from fire (left claw)
 x - a +1 ring of protection (right claw)
Wands
 s - a wand of digging (8)
Scrolls
 g - 6 scrolls of identify
 i - 5 scrolls of teleportation
 m - 4 scrolls of remove curse
 r - 2 scrolls of immolation
 v - 3 scrolls of noise
 y - a scroll of fear {unknown}
 B - a scroll of blinking {unknown}
 D - 2 scrolls of fog
 E - a scroll of magic mapping {unknown}
Potions
 c - a potion of might
 e - 3 potions of brilliance
 h - 3 potions of flight
 n - a potion of agility {unknown}
 o - a potion of haste {unknown}
 p - 2 potions of heal wounds {unknown}
 q - 2 potions of lignification
 u - 2 potions of curing
 w - a potion of cancellation {unknown}
 z - 2 potions of ambrosia {unknown}
Comestibles
 d - 10 rations


   Skills:
 - Level 2.4 Fighting
 - Level 2.4 Dodging
 + Level 7.0 Shields
 + Level 8.1 Unarmed Combat
 + Level 3.8 Invocations


You had 8 spell levels left.
You didn't know any spells.
Your spell library contained the following spells:

 Spells                   Type           Power        Failure   Level  Hunger
 Magic Dart               Conj           #...         95%         1    ##.....
 Conjure Flame            Conj/Fire      #.......     100%        3    ####...
 Slow                     Hex            #.......     99%         2    ###....
 Mephitic Cloud           Conj/Pois/Air  #.......     100%        3    ####...
 Blink                    Tloc           N/A          99%         2    ###....
 Call Imp                 Summ           #.......     99%         2    ###....


Dungeon Overview and Level Annotations

Branches:
Dungeon (8/15)             Temple (1/1) D:5            Lair (0/6) D:8

Altars:
Ashenzari
Cheibriados
Dithmenos
Elyvilon
Fedhas
Gozag
Hepliaklqana
Kikubaaqudgha
Makhleb
Nemelex Xobeh
Okawaru
Qazlal
Ru
Sif Muna
Trog
Uskayaw
Vehumet
Wu Jian
Xom
Yredelemnul
Zin
The Shining One
Beogh

Annotations:
D:8 Maurice


Innate Abilities, Weirdness & Mutations

You are too large for most types of armour.
You have claws for hands.
Your metabolism is lightning-fast.
You like to eat raw meat.
Your natural rate of healing is unusually fast.
You are covered in fur. (AC +1)
You have very tough skin. (AC +2)
Your mind is acute. (Int +2)
Your flesh is heat resistant. (rF+)


Message History

The hippogriff barely misses you. The hippogriff pecks you.
The hippogriff claws you but does no damage.
The basilisk gazes at you. You resist with some effort. The basilisk bites you.
* * * LOW HITPOINT WARNING * * *
The hippogriff bites you!
* * * LOW HITPOINT WARNING * * *
The hippogriff pecks you but does no damage.
The hippogriff claws you but does no damage.
The basilisk bites you!
* * * LOW HITPOINT WARNING * * *
The basilisk bites you.
* * * LOW HITPOINT WARNING * * *
The hippogriff bites you.
* * * LOW HITPOINT WARNING * * *
The hippogriff pecks you. The hippogriff claws you.
* * * LOW HITPOINT WARNING * * *
The basilisk bites you but does no damage.
The basilisk bites you.
You die... #.....>..... ......?...## .......... #.P.....# #.oo..[.# #oYo..# .. #Hlo#

.# #.# #@l# .# #.# #.##
.# #.# #.# #.### #.# #.#
.....###.#######.######
..##....................
..........##############
# ######..# ..# #..#


You could see a hippogriff, a yak, 2 basilisks, an orc priest and 4 orcs.

Vanquished Creatures
  The ghost of kaisn the Slasher, an amateur DsGl (D:3)
  A hippogriff (D:7)
  Sigmund (D:4)
  A hungry ghost (D:7)
  An ice beast (D:7)
  2 black bears
  3 ogres
  A big kobold (Sewer)
  Blork the orc (D:4)
  2 bullfrogs (D:6)
  A howler monkey (D:7)
  A crimson imp (D:7)
  A bullfrog zombie (D:5)
  A centaur skeleton (D:4)
  2 hounds
  An orc wizard (D:4)
  Jessica (D:2)
  Natasha (thrice) (D:3)
  An iguana (D:4)
  4 worker ants
  A killer bee zombie (D:5)
  8 adders
  2 river rats
  A shadow imp (D:7)
  3 oozes
  A worm (D:3)
  3 dart slugs
  2 leopard geckos
  18 orcs
  A ball python (D:5)
  9 bats
  6 giant cockroaches
  9 hobgoblins
  8 jackals
  9 kobolds
  8 frilled lizards
  9 goblins
  11 rats
139 creatures vanquished.

Vanquished Creatures (collateral kills)
  An iguana (D:4)
  A dart slug (D:4)
  A leopard gecko (D:4)
  An orc (D:4)
4 creatures vanquished.

Vanquished Creatures (others)
  An orc (D:4)
1 creature vanquished.

Grand Total: 144 creatures vanquished

Notes
Turn   | Place    | Note
-------+----------+-------------------------------------------
     0 | D:1      | Lexodia the Troll Fighter began the quest for the Orb.
     0 | D:1      | Reached XP level 1. HP: 22/22 MP: 0/0
    61 | D:1      | Reached XP level 2. HP: 29/29 MP: 1/1
   346 | D:1      | Reached XP level 3. HP: 36/36 MP: 2/2
   720 | D:2      | Reached skill level 3 in Unarmed Combat
   735 | D:2      | Noticed Jessica
   737 | D:2      | Huge Dmg: 11 dmg
   741 | D:2      | Gained mutation: You have large cloven feet. [potion of mutation]
   741 | D:2      | Lost mutation: You have large cloven feet. [potion of mutation]
   741 | D:2      | Gained mutation: Your flesh is heat resistant. (rF+) [potion of mutation]
   741 | D:2      | Gained mutation: Your mind is acute. (Int +2) [potion of mutation]
   748 | D:2      | Killed Jessica
   748 | D:2      | Reached XP level 4. HP: 38/44 MP: 3/3
  1008 | D:2      | Found a glowing golden altar of the Shining One.
  1644 | D:3      | Noticed Natasha
  1651 | D:3      | Killed Natasha
  1651 | D:3      | Reached XP level 5. HP: 41/50 MP: 4/4
  1701 | D:3      | Reached skill level 4 in Unarmed Combat
  2033 | D:3      | Noticed Natasha
  2041 | D:3      | Killed Natasha
  2076 | D:3      | Found a shattered altar of Ashenzari.
  2094 | D:3      | Noticed Natasha
  2105 | D:3      | Killed Natasha
  2112 | D:3      | Found a runed gate.
  2112 | D:3      | Found a runed gate.
  2113 | D:3      | Found a runed gate.
  2124 | D:3      | Noticed kaisn's ghost (amateur DsGl)
  2527 | D:3      | Found a roughly hewn altar of Beogh.
  2566 | D:4      | Noticed an ogre
  2578 | D:4      | Reached XP level 6. HP: 46/59 MP: 5/5
  2614 | D:4      | Huge Dmg: 13 dmg
  2614 | D:4      | Reached skill level 5 in Unarmed Combat
  2680 | D:4      | Noticed Blork the orc
  2692 | D:4      | Killed Blork the orc
  2700 | D:4      | Reached skill level 5 in Shields
  2728 | D:4      | Noticed Sigmund
  2734 | D:4      | Killed Sigmund
  2734 | D:4      | Reached XP level 7. HP: 62/66 MP: 6/6
  2784 | D:4      | Reached skill level 6 in Unarmed Combat
  3075 | D:5      | Entered Level 5 of the Dungeon
  3096 | D:5      | Found a radiant altar of Vehumet.
  3098 | D:5      | Found an iron altar of Okawaru.
  3243 | D:5      | Found a stormy altar of Qazlal.
  3363 | D:5      | Found a glowing drain.
  3394 | Sewer    | Entered a sewer
  3484 | Sewer    | Reached XP level 8. HP: 74/74 MP: 7/7
  3513 | Sewer    | Found a white marble altar of Elyvilon.
  3639 | D:5      | Found a staircase to the Ecumenical Temple.
  3648 | Temple   | Entered the Ecumenical Temple
  3758 | Temple   | Became a worshipper of Uskayaw the Reveler
  3874 | D:3      | Reached * piety under Uskayaw
  3875 | D:3      | Huge Dmg: 21 dmg
  3882 | D:3      | Killed kaisn's ghost
  3882 | D:3      | Reached skill level 7 in Unarmed Combat
  3882 | D:3      | Reached skill level 1 in Invocations
  3882 | D:3      | Reached ** piety under Uskayaw
  3886 | D:3      | Reached *** piety under Uskayaw
  4295 | D:6      | Found a blossoming altar of Fedhas.
  4490 | D:6      | Found an opulent altar of Gozag.
  4530 | D:6      | Found a glowing golden altar of the Shining One.
  4908 | D:8      | Noticed Maurice
  5043 | D:7      | Noticed a hippogriff
  5056 | D:7      | Killed a hippogriff
  5185 | D:7      | Found an ancient bone altar of Kikubaaqudgha.
  5225 | D:7      | Reached skill level 8 in Unarmed Combat
  5225 | D:7      | Reached XP level 9. HP: 80/80 MP: 10/10
  5463 | D:7      | Found a hazy altar of Hepliaklqana.
  5677 | D:8      | Huge Dmg: 40 dmg
  5691 | D:8      | Found a staircase to the Lair.
  5714 | D:8      | Huge Dmg: 51 dmg
  5721 | D:8      | HP: 4/80 [basilisk (2)]
  5722 | D:8      | Slain by a basilisk

Vault maps used:
D:1:      shiori_arrival_maze
D:2:      tso_oasis_becter, minmay_pentomino_p4, uniq_jessica
D:3:      lemuel_doored_altar, first_ration, biasface_ghost_orc_armoury,
          uniq_natasha
D:4:      uniq_blork_the_orc, uniq_sigmund
D:5:      minitemple, lemuel_temple_firewalk_b, portal_sewer_entry_b,
          nicolae_qazlal_general_emergency
D:6:      lemuel_crystal_altar, basic_altar, nicolae_tso_swordbearing_angel
D:7:      kennysheep_little_box, lemuel_crystal_altar
D:8:      david_lair_generic, basic_altar, uniq_maurice, uniq_prince_ribbit1,
          uniq_erica, uniq_joseph
Temple:   nicolae_temple_great_sept
Sewer:    sewer_kobolds

Skill      XL: |  1  2  3  4  5  6  7  8 |
---------------+-------------------------+-----
Shields        | 3 4 5 6 7 |  7.0
Unarmed Combat | 3 4 5 6 8 |  8.1
Invocations    | 3 |  3.8
Fighting       | |  2.4
Dodging        | |  2.4

Action                   |  1- 3 |  4- 6 |  7- 9 || total
-------------------------+-------+-------+-------++-------
Melee: Unarmed           |    83 |   167 |   218 ||   468
Evoke: Wand              |       |     3 |       ||     3
  Use: Potion            |     1 |       |     6 ||     7
       Scroll            |       |     7 |       ||     7
 Stab: Sleeping          |       |     1 |     1 ||     2
       Paralysed         |       |       |     2 ||     2
  Eat: Chunk             |     8 |    23 |    30 ||    61
Armor: Robe              |    25 |    33 |    73 ||   131
       Skin              |       |       |    61 ||    61
Dodge: Dodged            |    19 |    30 |    37 ||    86
Block: Shield            |    27 |       |       ||    27
       Large shield      |     6 |   126 |   141 ||   273

Table legend:
 A = Spawn XP
 B = Non-spawn XP
 C = Spawn XP percentage of total XP
 D = Spawn monster count
 E = Non-spawn monster count
 F = Spawn count percentage of total count
 G = Total turns spent on level
                    A         B        C        D         E        F      G
               +---------+---------+-------+---------+---------+-------+---------
         Total |       0 |    3038 |   0.0 |       0 |     143 |   0.0 |  5722
               +---------+---------+-------+---------+---------+-------+---------
           D:1 |       0 |      54 |   0.0 |       0 |      25 |   0.0 |   716
           D:2 |       0 |     113 |   0.0 |       0 |      30 |   0.0 |   893
           D:3 |       0 |     456 |   0.0 |       0 |      26 |   0.0 |  1090
           D:4 |       0 |     809 |   0.0 |       0 |      22 |   0.0 |   536
           D:5 |       0 |     162 |   0.0 |       0 |      14 |   0.0 |   564
           D:6 |       0 |     365 |   0.0 |       0 |       7 |   0.0 |   821
           D:7 |       0 |     953 |   0.0 |       0 |      10 |   0.0 |   715
         Sewer |       0 |     126 |   0.0 |       0 |       9 |   0.0 |   163
               +---------+---------+-------+---------+---------+-------+---------
